 Dungeon Crawl Stone Soup version 0.20.1-1-g8b1a95d (webtiles) character file.

392 ChromeMolly the Sneak (level 6, -3/42 HPs)
             Began as an Octopode Fighter on Dec 13, 2017.
             Slain by Grinder (10 damage)
             ... while paralysed by Grinder
             ... on level 4 of the Dungeon.
             The game lasted 00:28:19 (3888 turns).

ChromeMolly the Sneak (Octopode Fighter)            Turns: 3888, Time: 00:28:19

Health: -3/42      AC:  1    Str: 15    XL:     6   Next: 80%
Magic:  8/8        EV:  2    Int: 11    God:
Gold:   167        SH:  0    Dex: 13    Spells: 8/8 levels left

rFire    . . .     SeeInvis .   a - +0 war axe
rCold    . . .     Gourm    .   b - +0 shield
rNeg     . . .     Faith    .   (helmet restricted)
rPois    .         Spirit   .   (no amulet)
rElec    .         Reflect  .   (no ring)
rCorr    .         Harm     .   (no ring)
MR       .....                  (no ring)
Stlth    ++++......             (no ring)
Regen    0.2/turn               (no ring)
MPRegen  0.2/turn               (no ring)
                                (no ring)
                                (no ring)

@: paralysed
A: almost no armour, stealthy swim, amphibious, 8 rings, constrict 8, camouflage
1, gelatinous body 1
a: no special abilities


You were on level 4 of the Dungeon.
You were not hungry.

You visited 1 branch of the dungeon, and saw 4 of its levels.

You collected 167 gold pieces.

Inventory:

Hand Weapons
 a - a +0 war axe (weapon)
 e - a +0 dagger
 y - a +0 blowgun
Missiles
 l - 185 stones (quivered)
 t - 4 needles of sleeping
 z - 2 poisoned needles
 C - 5 tomahawks
Armour
 b - a +0 shield (worn)
Wands
 k - a wand of digging (15/24)
 r - a wand of iceblast (15/15)
 A - a wand of confusion (19/48)
 E - a wand of scattershot (3/9)
Scrolls
 f - a scroll of remove curse
 m - a scroll of magic mapping
 n - a scroll of enchant weapon {unknown}
 p - a scroll of enchant armour {unknown}
 u - a scroll of noise {unknown}
 v - 2 scrolls of recharging
 F - a scroll of immolation {unknown}
Potions
 c - 2 potions of might
 g - a potion of berserk rage
 j - a potion of degeneration {unknown}
 o - 2 potions of curing {unknown}
 q - a potion of invisibility {unknown}
 s - 2 potions of resistance
 w - 2 potions of haste
 B - a potion of lignification {unknown}
Comestibles
 d - 3 bread rations
 h - 3 fruits
 i - 2 royal jellies
 x - 2 meat rations
 D - 2 chunks of flesh


   Skills:
 + Level 3.6 Fighting
 * Level 2.3 Short Blades
 + Level 3.0 Axes
 + Level 0.8 Throwing
 + Level 3.3 Dodging
 * Level 5.1 Stealth
 + Level 3.5 Shields
 * Level 1.9 Spellcasting


You had 8 spell levels left.
You didn't know any spells.

Dungeon Overview and Level Annotations

Branches:
Dungeon (4/15)
 Temple: D:4-7

Altars:
Dithmenos

Annotations:
D:3 clownbabyjr's ghost, novice DsFi
D:4 Grinder


Innate Abilities, Weirdness & Mutations

You cannot wear most types of armour.
You are very stealthy in the water. (Stealth+)
You are amphibious.
You can wear up to eight rings at the same time.
You can use your tentacles to constrict eight enemies at once.
Your skin changes colour to match your surroundings (Stealth+).
Your rubbery body absorbs attacks. (AC +1, EV +1)


Message History

Grinder gestures at you. Pain shoots through your body!
You block Grinder's attack.
You closely miss Grinder. You grab Grinder.
Grinder is heavily wounded.
You constrict Grinder. Grinder gestures at you.
You barely resist. You barely miss Grinder. You squeeze Grinder.
Grinder is heavily wounded.
You constrict Grinder.
Grinder says, "You look like you could use a good racking."
Grinder closely misses you. Grinder gestures at you.
You suddenly lose the ability to move!
You lose your grip on Grinder.
Grinder hits you!
* * * LOW HITPOINT WARNING * * *
You writhe in agony.
* * * LOW HITPOINT WARNING * * *
Grinder hits you!
You die...

**#** ############## ***
*,..#####...........). **,**
*,#.......############ **,,,**
*,........#
**,,,,,****,.#####..###
*,,,,,,,,,,,,*#...[...#
**,,,,,****,**#@##.).<# **,,,**
#.###5##....##
**,*****#.(.).##))...#********
*,,,,,(......%...........,,,,,
*,,,,,.(...........#.#...,,,,,
*,,*,,#...#..#...........,,*,, #
*,*,,,.#.#....#....#.#...,*,,,
#####*****#############.####****#
....#*,***,,,***,** **,*#,,*,,**#


You could see Grinder.

Vanquished Creatures
  2 scorpions (D:4)
  A hound (D:4)
  2 orc wizards (D:4)
  A worker ant (D:4)
  3 gnolls (D:4)
  A howler monkey skeleton (D:4)
  5 adders
  4 worms
  A dart slug (D:1)
  2 leopard geckos
  10 orcs
  2 giant cockroaches
  5 goblins
  5 hobgoblins
  11 jackals
  8 kobolds
  3 quokkas
  2 ball pythons
  7 bats
  4 frilled lizards
  11 rats
90 creatures vanquished.

Notes
Turn   | Place    | Note
-------+----------+-------------------------------------------
     0 | D:1      | ChromeMolly the Octopode Fighter began the quest for the Orb.
     0 | D:1      | Reached XP level 1. HP: 16/16 MP: 1/1
   255 | D:1      | Reached XP level 2. HP: 9/21 MP: 2/2
   634 | D:1      | Reached skill level 1 in Stealth
  1023 | D:2      | Reached skill level 1 in Short Blades
  1128 | D:2      | Reached XP level 3. HP: 24/26 MP: 3/3
  1510 | D:2      | Reached skill level 2 in Stealth
  1789 | D:2      | Reached skill level 3 in Stealth
  1789 | D:2      | Reached XP level 4. HP: 22/31 MP: 5/5
  2316 | D:3      | Reached skill level 1 in Spellcasting
  2673 | D:3      | Noticed clownbabyjr's ghost (novice DsFi)
  2903 | D:4      | Reached skill level 4 in Stealth
  2903 | D:4      | Reached XP level 5. HP: 35/36 MP: 5/7
  3182 | D:4      | Reached XP level 6. HP: 39/42 MP: 8/8
  3266 | D:4      | Found a shadowy altar of Dithmenos.
  3838 | D:4      | Reached skill level 5 in Stealth
  3861 | D:4      | Noticed Grinder
  3886 | D:4      | Paralysed by Grinder for 5 turns
  3888 | D:4      | Slain by Grinder

Skill      XL: |  1  2  3  4  5  6 |
---------------+-------------------+-----
Stealth        | 1 3 4 5 |  5.1
Short Blades   | 1 2 |  2.3
Spellcasting   | 1 |  1.9
Axes           | 3 |  3.0
Fighting       | |  3.6
Throwing       | |  0.8
Dodging        | |  3.3
Shields        | |  3.5

Action                   |  1- 3 |  4- 6 || total
-------------------------+-------+-------++-------
Melee: War axe           |    20 |    46 ||    66
       Constrict         |    20 |    31 ||    51
       Dagger            |    50 |    71 ||   121
       Tentacles         |    12 |    25 ||    37
       Short sword       |       |     2 ||     2
 Fire: Blowgun           |       |    13 ||    13
Throw: Stone             |     7 |     5 ||    12
  Use: Scroll            |       |     7 ||     7
 Stab: Sleeping          |    11 |    11 ||    22
  Eat: Chunk             |     3 |     6 ||     9
Armor: Skin              |     3 |     4 ||     7
Dodge: Dodged            |    25 |    42 ||    67
Block: Shield            |    30 |    42 ||    72
